 Dungeon Crawl Stone Soup version 0.30-a0-723-gc1506a1cf0 (webtiles) character file.

Game seed: 2336726481452372106

1904534 Monkooky the Warrior (level 26, 280/280 HPs)
             Began as a Naga Monk on Jan 28, 2023.
             Was the Champion of Ashenzari.
             Escaped with the Orb
             ... and 3 runes on Jan 29, 2023!
             The game lasted 02:58:34 (51193 turns).

Monkooky the Warrior (Naga Monk)                   Turns: 51193, Time: 02:58:35

Health: 280/280    AC: 51    Str: 20    XL:     26   Next: 14%
Magic:  51/51      EV: 15    Int: 27    God:    Ashenzari [******]
Gold:   3492       SH:  0    Dex: 14    Spells: 30/73 levels left

rFire   + + .      SeeInvis +    Q - +9 lajatang of the Cosmic Pantheism {heavy, Self, Bglg} (curse)
rCold   + + +      Faith    .    (shield currently unavailable)
rNeg    + . .      Spirit   .    H - +9 pearl dragon scales "Thunder Perfect Mind" {rElec rN+ Str-4 Stlth+, Fort, Melee} (curse)
rPois   +          Reflect  .    y - +2 helmet "Shackled Together" {Fort, Alch} (curse)
rElec   +          Harm     .    k - scarf "At What Cost Knowledge?" {rC+ rF+, Self, Fort} (curse)
rCorr   +          Rampage  .    T - +2 pair of gloves "Per Aspera Ad Scientiam" {Str+3, Fort, Cun} (curse)
Will    +++..      Clarity  +    u - +4 barding of the Unveiling Sky {rElec rF+ Dex-4, Fort, Self} (curse)
Stlth   ++                       G - amulet "Cursed With Me" {RegenMP, Range, Elem} (curse)
HPRegen 0.66/turn                E - ring "Sidereal Fanaticism" {Fly rC+ rCorr Str+3 Dex+6, Evo, Comp} (curse)
MPRegen 0.72/turn                W - ring "Share My Submission" {rPois Int+7, Comp, Bglg} (curse)

@: flying, studying 3 skills, very slow
A: AC +8, large, see invisible, deformed body, poison resistance, slowness 2,
spit poison 2, naga tail 2, iridescent scales 1, berserk 1, clever 1, clumsy 1,
cold resistance 1, screaming 2, wild magic 1, sturdy frame 1
0: Orb of Zot
}: 3/15 runes: decaying, slimy, gossamer
a: Breathe Poison Gas, Renounce Religion, Shatter the Chains


You escaped.
You worshipped Ashenzari.
Ashenzari was exalted by your worship.
You visited 10 branches of the dungeon, and saw 51 of its levels.
You visited 1 bazaar.
You also visited: Sewer, Gauntlet, Ice Cave, Volcano and Wizlab.

You collected 6654 gold pieces.
You spent 3162 gold pieces at shops.

Inventory:

Hand Weapons
 Q - the cursed +9 lajatang of the Cosmic Pantheism (weapon) {heavy, Self, Bglg}
   (You bought it in a shop on level 6 of the Dungeon)

   It has a curse which improves the following skills: Introspection: Fighting
   and Spellcasting.
   Beguiling: Conjurations, Hexes and Translocations.
Missiles
 e - 7 javelins
 O - 4 throwing nets
 X - 6 silver javelins
Armour
 k - the cursed scarf "At What Cost Knowledge?" (worn) {rC+ rF+, Self, Fort}
   (You found it on level 2 of the Dungeon)

   It has a curse which improves the following skills: Introspection: Fighting
   and Spellcasting.
   Fortitude: Armour and Shields.
 u - the cursed +4 barding of the Unveiling Sky (worn) {rElec rF+ Dex-4, Fort, Self}
   (You acquired it on level 9 of the Dungeon)

   Dex:       It affects your dexterity (-4).
   rF:        It protects you from fire.
   rElec:     It insulates you from electricity.
   It has a curse which improves the following skills: Fortitude: Armour and
   Shields.
   Introspection: Fighting and Spellcasting.
 y - the cursed +2 helmet "Shackled Together" (worn) {Fort, Alch}
   (You took it off Robin on level 3 of the Dungeon)

   It has a curse which improves the following skills: Fortitude: Armour and
   Shields.
   Alchemy:   Poison Magic and Transmutations.
 H - the cursed +9 pearl dragon scales "Thunder Perfect Mind" (worn) {rElec rN+ Str-4 Stlth+, Fort, Melee}
   (You found it on level 3 of the Elven Halls)

   Str:       It affects your strength (-4).
   rElec:     It insulates you from electricity.
   rN:        It protects you from negative energy.
   Stlth:     It makes you more stealthy.
   It has a curse which improves the following skills: Fortitude: Armour and
   Shields.
   Melee Combat: Short Blades, Long Blades, Axes, Maces & Flails, Polearms,
   Staves and Unarmed Combat.
 N - +7 pearl dragon scales
 T - the cursed +2 pair of gloves "Per Aspera Ad Scientiam" (worn) {Str+3, Fort, Cun}
   (You found it in a Gauntlet)

   It has a curse which improves the following skills: Fortitude: Armour and
   Shields.
   Cunning:   Dodging and Stealth.
Jewellery
 E - the cursed ring "Sidereal Fanaticism" (left hand) {Fly rC+ rCorr Str+3 Dex+6, Evo, Comp}
   (You found it on level 5 of the Pits of Slime)

   [ring of dexterity]

   Str:       It affects your strength (+3).
   Dex:       It affects your dexterity (+6).
   rC:        It protects you from cold.
   Fly:       It grants you flight.
   rCorr:     It protects you from acid and corrosion.
   It has a curse which improves the following skills: Evocations: Evocations.
   Companions: Summonings and Necromancy.
 G - the cursed amulet "Cursed With Me" (around neck) {RegenMP, Range, Elem}
   (You found it on level 6 of the Dungeon)

   [amulet of magic regeneration]

   It increases your rate of magic regeneration.
   It has a curse which improves the following skills: Ranged Combat: Ranged
   Weapons and Throwing.
   Elements:  Fire Magic, Ice Magic, Air Magic and Earth Magic.
 S - a ring of willpower
 W - the cursed ring "Share My Submission" (right hand) {rPois Int+7, Comp, Bglg}
   (You found it on level 3 of the Elven Halls)

   [ring of poison resistance]

   Int:       It affects your intelligence (+7).
   rPois:     It protects you from poison.
   It has a curse which improves the following skills: Companions: Summonings
   and Necromancy.
   Beguiling: Conjurations, Hexes and Translocations.
Wands
 o - a wand of charming (10)
 s - a wand of quicksilver (18)
 t - a wand of digging (10)
 v - a wand of flame (50)
 B - a wand of polymorph (28)
 F - a wand of mindburst (22)
 P - a wand of iceblast (48)
Scrolls
 d - 9 scrolls of poison
 f - 9 scrolls of fear
 h - 13 scrolls of amnesia
 i - 7 scrolls of fog
 j - a scroll of blinking
 l - 5 scrolls of magic mapping
 q - 6 scrolls of vulnerability
 z - 31 scrolls of teleportation
 D - 3 scrolls of silence
 M - 2 scrolls of butterflies
 V - 10 scrolls of immolation
Potions
 a - 11 potions of heal wounds
 b - 8 potions of mutation
 c - 7 potions of brilliance
 g - 5 potions of cancellation
 m - 6 potions of ambrosia
 n - a potion of invisibility
 r - 20 potions of curing
 x - 3 potions of magic
 A - 9 potions of flight
 C - 10 potions of attraction
 J - 4 potions of resistance
 K - 3 potions of haste
 L - a potion of berserk rage
 R - 8 potions of might
 U - 7 potions of lignification
Miscellaneous
 p - a condenser vane
 w - a phantom mirror
 I - a lightning rod (4/4)
 Y - a box of beasts (inert)
 Z - a tin of tremorstones (2/2)


   Skills:
 - Level 20.0(24.8) Fighting
 - Level 3.9(6.3) Short Blades
 - Level 3.4(12.0) Maces & Flails
 - Level 16.2(18.8) Staves
 - Level 11.1(13.7) Throwing
 - Level 11.1(18.3) Armour
 - Level 18.1(20.5) Dodging
 - Level 10.1(12.7) Stealth
 * Level 19.5(24.3) Spellcasting
 - Level 4.2(7.8) Conjurations
 - Level 7.0(11.0) Hexes
 - Level 5.0(8.8) Summonings
 - Level 11.0(14.9) Necromancy
 - Level 10.6(14.5) Translocations
 - Level 9.3(12.0) Transmutations
 - Level 4.0(6.4) Air Magic
 - Level 7.3(10.0) Earth Magic
 - Level 7.2(10.0) Poison Magic
 - Level 13.0(15.5) Evocations


You had 30 spell levels left.
You knew the following spells:

 Your Spells              Type           Power      Damage    Failure   Level
a - Mephitic Cloud        Conj/Pois/Air  79%        N/A       1%          3
b - Manifold Assault      Tloc           98%        N/A       1%          4
c - Passage of Golubria   Tloc           98%        N/A       1%          4
d - Dispersal             Tloc           49%        N/A       1%          6
e - Animate Armour        Summ/Erth      100%       N/A       1%          4
f - Wereblood             Tmut           91%        N/A       1%          2
g - Borgnjor's Vile Clut  Necr/Erth      46%        N/A       1%          5
h - Yara's Violent Unrav  Hex/Tmut       44%        3d17      1%          5
i - Death Channel         Necr           49%        N/A       1%          6
j - Apportation           Tloc           100%       N/A       1%          1
k - Vhi's Electric Charg  Tloc/Air       100%       N/A       1%          3

Your spell library contained the following spells:

 Spells                   Type           Power      Damage    Failure   Level
 Beastly Appendage        Tmut           100%       N/A       1%          1
 Foxfire                  Conj/Fire      100%       2x1d9     1%          1
 Kiss of Death            Conj/Necr      100%       2d13      1%          1
 Magic Dart               Conj           100%       1d8       1%          1
 Sandblast                Erth           100%       2d20      1%          1
 Shock                    Conj/Air       100%       1d9       1%          1
 Sting                    Tmut/Pois      100%       1d8       1%          1
 Summon Small Mammal      Summ           100%       N/A       1%          1
 Call Imp                 Summ           81%        N/A       1%          2
 Cigotuvi's Dreadful Rot  Necr/Pois/Air  100%       N/A       1%          2
 Lesser Beckoning         Tloc           100%       N/A       1%          2
 Passwall                 Tmut/Erth      73%        N/A       1%          2
 Poisonous Vapours        Pois/Air       100%       N/A       1%          2
 Static Discharge         Conj/Air       100%       2-7/arc   1%          2
 Dazzling Flash           Conj/Hex       100%       N/A       1%          3
 Gell's Gravitas          Tloc           98%        N/A       1%          3
 Hailstorm                Conj/Ice       63%        3d13      1%          3
 Ignite Poison            Fire/Tmut/Pois 76%        N/A       1%          3
 Kindle Blastsparks       Fire/Tloc/Air  100%       2d18      1%          3
 Spider Form              Tmut/Pois      88%        N/A       1%          3
 Stone Arrow              Conj/Erth      100%       3d13      1%          3
 Swiftness                Air            73%        N/A       1%          3
 Teleport Other           Tloc           98%        N/A       1%          3
 Vampiric Draining        Necr           99%        2d13      1%          3
 Animate Dead             Necr           99%        N/A       1%          4
 Fulminant Prism          Conj/Hex       41%        3d19      1%          4
 Iskenderun's Mystic Bla  Conj/Tloc      88%        2d17      1%          4
 Leda's Liquefaction      Hex/Erth       43%        N/A       1%          4
 Olgreb's Toxic Radiance  Pois           85%        N/A       1%          4
 Summon Lightning Spire   Summ/Air       77%        N/A       1%          4
 Agony                    Necr           99%        N/A       1%          5
 Alistair's Intoxication  Tmut/Pois      58%        N/A       1%          5
 Lee's Rapid Deconstruct  Erth           42%        3d21*     1%          5
 Freeze                   Ice            100%       1d10      2%          1
 Airstrike                Air            36%        2d(6-22)  2%          4
 Ice Form                 Ice/Tmut       72%        N/A       2%          4
 Silence                  Hex/Air        40%        N/A       2%          5
 Summon Ice Beast         Ice/Summ       66%        N/A       4%          4
 Arcjolt                  Conj/Air       37%        1d47      4%          5
 Lightning Bolt           Conj/Air       37%        1d56      4%          5
 Eringya's Noxious Bog    Tmut/Pois      44%        N/A       4%          6
 Statue Form              Tmut/Erth      58%        N/A       4%          6
 Sticky Flame             Conj/Fire      63%        2d8       5%          4
 Frozen Ramparts          Ice            90%        1d14      7%          3
 Fireball                 Conj/Fire      31%        3d13      13%         5
 Simulacrum               Ice/Necr       38%        N/A       16%         6
 Haunt                    Necr/Summ      45%        N/A       16%         7
 Malign Gateway           Summ/Tloc      45%        N/A       17%         7
 Borgnjor's Revivificati  Necr           49%        N/A       32%         8
 Infestation              Necr           49%        N/A       32%         8
 Disjunction              Tloc           49%        N/A       36%         8
 Necromutation            Tmut/Necr      47%        N/A       50%         8
 Starburst                Conj/Fire      31%        6d10      52%         6
 Lehudib's Crystal Spear  Conj/Erth      40%        10d10     97%         8
 Summon Horrible Things   Summ           40%        N/A       98%         8
 Death's Door             Necr           49%        N/A       99%         9
 Ozocubu's Refrigeration  Ice            22%        4d12      100%        7
 Ignition                 Fire           22%        3d8       100%        8
 Dragon's Call            Summ           40%        N/A       100%        9


Dungeon Overview and Level Annotations

Branches:
Dungeon (15/15)            Temple (0/1) D:6            Lair (5/5) D:10
  Swamp (4/4) Lair:3       Spider (4/4) Lair:2        Slime (5/5) Lair:4
    Orc (2/2) D:11            Elf (3/3) Orc:2        Vaults (4/5) D:13
  Crypt (0/3) Vaults:3     Depths (4/4) D:15            Zot (5/5) Depths:4
  Sewer (visited)           IceCv (visited)         Volcano (visited)
 WizLab (visited)         Gauntlet (visited)

Altars:
Ashenzari
Cheibriados
Gozag
Kikubaaqudgha
Makhleb
Nemelex Xobeh
Okawaru
Ru
Vehumet
Wu Jian
Xom
Zin
Jiyva

Shops:
D:6 *[   D:8 *   D:11 (   D:15 :   Orc:2 *:[?   Elf:2 (   Elf:3 :*(
Vaults:2 *   Vaults:4 =

Portals:
Hell: Depths:1 Depths:3 Depths:4
Abyss: Depths:2 Depths:3
Pandemonium: Depths:1 Depths:2 Depths:4
Ziggurat: Depths:1

Annotations:
Swamp:3 exclusion: downstairs
Elf:2 3 runed translucent doors
Depths:2 exclusion: 2 doors, Vv
Depths:4 9 runed translucent doors, Viocziel's ghost, adept TrMo
Zot:4 Boris


Innate Abilities, Weirdness & Mutations

Your serpentine skin is tough. (AC +8)
You have supernaturally acute eyesight. (SInv)
Armour fits poorly on your strangely shaped body.
Your system is resistant to poisons. (rPois)
You cover ground very slowly.
You can exhale a cloud of poison.
You can use your snake-like lower body to constrict enemies.
You are partially covered in iridescent scales. (AC +2)
You sometimes lose your temper in combat.
Your mind is acute. (Int +4, Str/Dex -1)
You are clumsy. (Dex -2)
Your flesh is cold resistant. (rC+)
You frequently scream uncontrollably at your foes.
Your spells are a little harder to cast, but a little more powerful.
Your movements are slightly less encumbered by armour. (ER -2)


Message History

There is a stone staircase leading down here.
You sense a monster nearby.
Some rock shatters into small pieces.
A cacodemon comes into view.
You scream at the cacodemon!
There is a stone staircase leading up here.
You fly upwards.
There is a stone staircase leading down here.
(D) Dungeon (T) Temple (L) Lair (S) Swamp (N) Spider Nest (M) Slime Pits (O) Orcish Mines (E) Elven Halls (V) Vaults (C) Crypt (U) Depths (H) Hell (Z) Zot
Where to? (Enter - D:1, ? - help) You're already here!
Okay, then.
Blink to where?
Press: ? - help, Dir - move target
As you read the scroll of blinking, it crumbles to dust.
Blink to where?
Press: ? - help, Dir - move target
As you read the scroll of blinking, it crumbles to dust.
Blink to where?
Press: ? - help, Dir - move target
As you read the scroll of blinking, it crumbles to dust.
The troll shouts!
Blink to where?
Press: ? - help, Dir - move target
As you read the scroll of blinking, it crumbles to dust.
The vine stalker shouts!
Blink to where?
Press: ? - help, Dir - move target
As you read the scroll of blinking, it crumbles to dust.
The merfolk shouts!
Blink to where?
Press: ? - help, Dir - move target
As you read the scroll of blinking, it crumbles to dust.
Blink to where?
Press: ? - help, Dir - move target
As you read the scroll of blinking, it crumbles to dust.
You have escaped!

#.#### #.#...
#.#...
#######.#...
#...........
###############
####H#p#e#o#d#9#n#
#..###############
#@.'...§......§...
#..###############
####K#p#V#T#i#m#H#
###############
##### #.... #....
#....


There were no monsters in sight!

Vanquished Creatures
  the Royal Jelly (Slime:5)
  3 orbs of fire (Zot:5)
  2 juggernauts
  A royal mummy (WizLab)
  Boris (Depths:4)
  A Killer Klown (Zot:5)
  Saint Roka (Vaults:2)
  2 caustic shrikes (Depths:4)
  5 golden dragons
  A bone dragon (Depths:4)
  2 electric golems (Zot:5)
  14 Orb Guardians
  5 tentacled monstrosities
  An Ice Fiend (Depths:3)
  Mlioglotl (Swamp:3)
  3 liches
  A walking frostbound tome (Depths:4)
  2 deep elf master archers (Elf:3)
  2 walking divine tomes
  16 acid blobs
  3 titans
  3 quicksilver dragons (Zot:5)
  A deep elf blademaster (Elf:3)
  4 death cobs
  2 sphinxes
  A thorn hunter (Swamp:4)
  2 draconian monks
  9 storm dragons
  Kirke (Spider:2)
  4 shadow dragons
  2 tengu reavers
  Roxanne (Elf:3)
  3 rockslimes (Slime:5)
  3 fenstrider witches
  18 vault wardens
  Aizul (Vaults:3)
  3 azure jellies
  An emperor scorpion (Spider:4)
  8 frost giants
  An emperor scorpion (shapeshifter) (Elf:1)
  2 draconian scorchers
  7 fire giants
  3 deep elf sorcerers (Elf:3)
  An iron dragon (Depths:1)
  4 orc warlords
  9 ghost moths
  4 reapers
  19 ironbound preservers
  5 deep elf elementalists (Elf:3)
  4 war gargoyles
  A draconian stormcaller (Depths:4)
  A quicksilver ooze (shapeshifter) (Depths:2)
  A ghoul (Vaults:3)
  22 very ugly things
  3 draconian annihilators
  7 quicksilver oozes
  2 deep elf demonologists
  4 green draconians
  7 purple draconians
  11 ironbound thunderhulks
  A minotaur (Gauntlet)
  8 deep elf annihilators
  Nessos (D:14)
  12 stone giants
  A vampire knight (Depths:2)
  3 eleionomae
  5 red draconians
  8 black draconians
  8 spark wasps
  4 dire elephants (Vaults:1)
  3 yellow draconians
  3 bunyips
  12 white draconians
  3 deep elf death magi (Elf:3)
  9 fire dragons
  2 mummy priests (WizLab)
  4 entropy weavers
  5 deep elf high priests
  Josephine (Lair:4)
  2 merfolk impalers (Depths:3)
  8 ettins
  16 great orbs of eyes
  A shambling mangrove (Swamp:4)
  4 jiangshi
  Fannar (D:11)
  12 ice dragons
  8 yaktaur captains
  3 caustic shrike simulacra (IceCv)
  2 rakshasas (Depths:2)
  4 peacekeepers
  9 vault guards
  13 hydras
  19 centaur warriors
  A hell beast (Depths:3)
  2 spriggan air magi
  12 ironbound frosthearts
  An anaconda (shapeshifter) (Depths:2)
  An ogre mage (D:15)
  A death knight (D:13)
  3 ghost crabs
  4 catoblepae
  3 jorogumos
  11 alligators
  6 boulder beetles
  10 two-headed ogres
  4 vampire magi
  Erica (Lair:1)
  7 tengu warriors
  3 orc high priests (Orc:2)
  12 death yaks (Lair:5)
  5 deep troll shamans
  15 dancing weapons
  11 deep troll earth magi
  7 spriggan berserkers
  4 spriggans
  9 hell knights
  A soul eater (Depths:1)
  8 deep elf knights
  A storm dragon zombie (WizLab)
  4 goliath frogs
  A spark wasp zombie (WizLab)
  2 fire crabs
  4 iron trolls
  A flayed ghost (Depths:1)
  3 spriggan druids
  11 swamp dragons
  60 deep trolls
  4 orb spiders
  6 glowing orange brains
  An obsidian statue (IceCv)
  An orange crystal statue (Elf:1)
  3 spriggan simulacra (IceCv)
  9 deep elf archers
  10 bog bodies
  14 ironbound convokers
  2 tengu zombies (WizLab)
  5 steelbarb worms
  6 harpies
  15 lindwurms
  32 deep elf pyromancers
  9 wizards
  6 phantasmal warriors
  10 wolf spiders
  A stone giant zombie (WizLab)
  2 shadow dragon zombies (WizLab)
  21 deep elf zephyrmancers
  3 manticores
  3 necromancers
  15 orc knights
  3 shining eyes
  2 shining eyes (shapeshifter)
  11 orc sorcerers
  8 large abominations (Depths:3)
  5 cyclopes
  44 ugly things
  A manticore (shapeshifter) (Elf:3)
  4 will-o-the-wisps
  14 moths of wrath
  3 rust devils (Depths:4)
  A toenail golem (Volcano)
  2 demonspawn zombies (WizLab)
  A smoke demon (Gauntlet)
  A molten gargoyle (Volcano)
  2 eyes of devastation (Slime:5)
  An orc zombie (WizLab)
  6 black mambas
  3 demonic crawlers
  17 vault sentinels
  10 elephants
  A gargoyle (D:13)
  2 torpor snails
  Joseph (Lair:1)
  2 orange demons
  Maggie (D:10)
  16 cane toads
  26 yaktaurs
  3 unseen horrors (Depths:3)
  6 rime drakes
  16 freezing wraiths
  A kobold demonologist (D:14)
  4 unseen horror zombies (D:9)
  4 efreet
  8 anaconda simulacra (IceCv)
  5 komodo dragons
  6 tengu conjurers
  9 trolls
  A polar bear (Lair:1)
  3 red devils
  A guardian mummy (WizLab)
  4 meliai
  A golden dragon simulacrum (IceCv)
  6 hornets
  A queen bee (D:15)
  8 tyrant leeches
  A hellwing (Depths:4)
  6 tarantellas
  2 spriggan zombies (WizLab)
  5 dream sheep
  10 blink frogs
  42 slime creatures
  An ettin zombie (WizLab)
  52 yaks
  3 flying skulls (Gauntlet)
  2 air elementals
  11 jumping spiders
  4 shadows
  3 wyverns
  4 dire elephant simulacra (IceCv)
  A water elemental (Elf:2)
  7 wraiths
  A culicivora (Spider:1)
  7 hogs (Spider:2)
  7 golden eyes
  3 steam dragons
  7 basilisks
  8 fire elementals
  19 vampire mosquitoes
  2 chaos spawn
  Grum (Lair:1)
  An elf skeleton (Vaults:4)
  2 neqoxecs
  20 redbacks
  19 swamp worms
  A minotaur simulacrum (IceCv)
  A human zombie (WizLab)
  A harpy simulacrum (IceCv)
  4 wargs
  2 acid dragons
  15 water moccasins
  A glowing shapeshifter skeleton (Vaults:4)
  4 small abominations (Depths:3)
  Pargi (Sewer)
  2 hydra simulacra (IceCv)
  3 swamp drakes (Swamp:4)
  31 orc warriors
  A sky beast (D:8)
  A black bear (D:4)
  2 alligator simulacra (IceCv)
  7 centaurs
  10 wolves
  16 ogres
  2 kobold brigands
  A gnoll sergeant (D:8)
  A necrophage (D:4)
  7 earth elementals
  2 deep troll simulacra (IceCv)
  7 bullfrogs
  9 wights
  15 killer bees
  2 lindwurm simulacra (IceCv)
  3 vampire bats (D:10)
  12 howler monkeys
  3 electric eels
  2 centaur zombies (D:9)
  2 crimson imps (Gauntlet)
  2 gnoll boudas (D:8)
  19 orc priests
  4 hounds
  22 orc wizards
  3 iguanas
  5 hell rats (Lair:5)
  Natasha (thrice) (D:3)
  A killer bee zombie (D:9)
  A howler monkey zombie (D:9)
  Robin (D:3)
  14 gnolls
  A river rat (D:3)
  3 adders
  A shadow imp (Gauntlet)
  2 white imps
  An ufetubus (D:7)
  5 worms
  8 dart slugs
  69 orcs
  4 bat skeletons (D:10)
  A bat zombie (D:10)
  7 endoplasms
  5 giant cockroaches
  16 goblins
  16 hobgoblins
  3 quokkas
  3 training dummies (Elf:2)
  9 ball pythons
  7 bats
  A frilled lizard (D:1)
  20 kobolds
  5 rats
  A fire vortex (Volcano)
  A foxfire (Swamp:1)
1816 creatures vanquished.

Vanquished Creatures (collateral kills)
  An ancient lich (Zot:5)
  A golden dragon (Zot:3)
  2 caustic shrikes
  A Tzitzimitl (Depths:3)
  Rupert (Lair:3)
  7 Orb Guardians (Zot:5)
  A titan (Depths:2)
  A deep elf blademaster (Elf:3)
  3 acid blobs (Slime:5)
  A sphinx (Depths:2)
  A draconian knight (Zot:5)
  2 frost giants
  A draconian scorcher (Zot:5)
  A ghost moth (Spider:4)
  A spriggan defender (Depths:2)
  4 stone giants
  3 very ugly things
  A vampire knight (Depths:2)
  A purple draconian (Zot:4)
  A yellow draconian (Zot:4)
  2 red draconians
  2 spark wasps
  An ettin (Depths:3)
  3 fire dragons
  2 great orbs of eyes
  A spriggan air mage (Depths:2)
  2 rakshasas
  A jorogumo (Spider:4)
  2 ice dragons (Depths:2)
  A deep troll shaman (Depths:3)
  3 deep troll earth magi
  A spriggan berserker (Depths:2)
  7 hell knights
  An iron troll (Depths:3)
  A spriggan (Depths:4)
  2 glowing orange brains
  4 deep trolls
  A shadow demon (Depths:4)
  A flayed ghost (Depths:2)
  2 steelbarb worms (Spider:4)
  A fire giant zombie (Depths:3)
  2 wolf spiders (Spider:4)
  2 necromancers
  A human zombie (Vaults:4)
  A shadow dragon skeleton (Depths:3)
  8 ugly things
  A frost giant skeleton (Depths:3)
  An iron dragon skeleton (Depths:3)
  A moth of wrath (Zot:4)
  2 demonic crawlers (Spider:4)
  A rust devil (Depths:4)
  A tengu conjurer (Depths:2)
  A hornet (Depths:4)
  A tarantella (Spider:4)
  7 slime creatures
  2 jumping spiders (Spider:4)
  3 water elementals (Depths:3)
  A culicivora (Spider:4)
  3 golden eyes (Slime:5)
  9 redbacks
  A yaktaur simulacrum (Vaults:4)
  A swamp worm (Gauntlet)
  A floating eye (Depths:4)
  A glowing shapeshifter skeleton (Depths:3)
  A human simulacrum (Vaults:4)
129 creatures vanquished.

Vanquished Creatures (others)
  A fire giant (Depths:2)
  A white draconian (Zot:3)
  A deep elf knight (Elf:1)
  A will-o-the-wisp (Swamp:1)
  A moth of wrath (Zot:3)
  2 tyrant leeches (Swamp:1)
  A bloated husk (Swamp:3)
  A briar patch (Swamp:4)
  A bush (Lair:2)
  A fire vortex (Volcano)
  3 foxfires (Swamp:1)
  24 fungi
  136 plants
  15 withered plants (D:9)
189 creatures vanquished.

Grand Total: 2134 creatures vanquished

Notes
Turn   | Place    | Note
-------+----------+-------------------------------------------
     0 | D:1      | Monkooky the Naga Monk began the quest for the Orb.
     0 | D:1      | Reached XP level 1. HP: 21/21 MP: 1/1
     2 | D:1      | Noticed a minotaur
     4 | D:1      | Noticed a human
     4 | D:1      | Noticed a demigod
     6 | D:1      | Noticed an elf
     6 | D:1      | Noticed a vampire
     8 | D:1      | Noticed a troll
    10 | D:1      | Noticed a draconian
    10 | D:1      | Noticed a spriggan
    12 | D:1      | Noticed a gargoyle
    12 | D:1      | Noticed a merfolk
    14 | D:1      | Noticed a ghoul
    14 | D:1      | Noticed an armataur
    16 | D:1      | Noticed a demonspawn
    16 | D:1      | Noticed a meteoran
    18 | D:1      | Noticed a vine stalker
    18 | D:1      | Noticed a naga
    20 | D:1      | Noticed a felid
    22 | D:1      | Noticed an ogre
    22 | D:1      | Noticed an octopode
    24 | D:1      | Noticed a tengu
    24 | D:1      | Noticed a naga
    26 | D:1      | Noticed a merfolk
    26 | D:1      | Noticed a troll
   475 | D:1      | Reached XP level 2. HP: 24/28 MP: 2/2
   541 | D:1      | Found a faded altar of an unknown god.
   550 | D:1      | Prayed at the altar of an unknown god.
   550 | D:1      | Became a worshipper of Xom of Chaos
   666 | D:1      | XOM: divination: magic mapping
   874 | D:2      | Reached XP level 3. HP: 23/34 MP: 3/3
  1011 | D:2      | Identified the +3 scale mail "Nokhluplu" {rF+++ Str+4
                  | Dex-3}
  1424 | D:2      | Reached XP level 4. HP: 44/44 MP: 4/4
  1561 | D:3      | Noticed Natasha
  1566 | D:3      | Killed Natasha
  1567 | D:3      | Reached skill level 4 in Fighting
  1630 | D:3      | Found a glowing drain.
  1715 | Sewer    | Entered a sewer
  1719 | Sewer    | XOM: potion effect (curing)
  1743 | Sewer    | Noticed Pargi
  1746 | Sewer    | XOM: silly message
  1753 | Sewer    | Killed Pargi
  1754 | Sewer    | Reached skill level 5 in Fighting
  1754 | Sewer    | Reached XP level 5. HP: 44/54 MP: 5/5
  1838 | D:3      | XOM is BORED!
  1838 | D:3      | XOM: silly message
  1894 | D:3      | XOM: divination: detect items
  1907 | D:3      | Noticed Natasha
  1928 | D:3      | Killed Natasha
  1929 | D:3      | Reached XP level 6. HP: 33/62 MP: 6/6
  2046 | D:3      | Reached skill level 6 in Fighting
  2050 | D:3      | Noticed Natasha
  2052 | D:3      | Noticed Robin
  2064 | D:3      | Killed Natasha
  2066 | D:3      | Killed Robin
  2386 | D:3      | XOM: divination: magic mapping
  2400 | D:3      | Learned a level 3 spell: Mephitic Cloud
  2678 | D:3      | XOM is BORED!
  2678 | D:3      | XOM: noise
  2793 | D:4      | XOM: stealth player
  2798 | D:4      | Reached skill level 1 in Poison Magic
  2882 | D:4      | Reached skill level 1 in Conjurations
  2882 | D:4      | Reached skill level 1 in Air Magic
  2938 | D:4      | XOM: divination: magic mapping
  2981 | D:4      | XOM: 1-stop teleportation journey
  3022 | D:4      | Reached XP level 7. HP: 57/69 MP: 7/7
  3376 | D:4      | XOM is BORED!
  3473 | D:4      | XOM: silly message
  3645 | D:5      | Entered Level 5 of the Dungeon
  3680 | D:4      | XOM: potion effect (heal wounds)
  3683 | D:4      | Reached skill level 1 in Spellcasting
  3753 | D:5      | XOM: silly message
  3756 | D:5      | Reached XP level 8. HP: 74/76 MP: 8/10
  3768 | D:5      | XOM: silly message
  4175 | D:5      | XOM: silly message
  4235 | D:5      | Reached skill level 5 in Poison Magic
  4245 | D:5      | XOM: confuse monster(s)
  4249 | D:5      | XOM: silly message
  4279 | D:5      | XOM: noise
  4577 | D:6      | Found a broken altar of Ashenzari.
  4585 | D:6      | Fell from the grace of Xom
  4585 | D:6      | Became a worshipper of Ashenzari the Shackled
  4678 | D:6      | XOM: give mutation
  4678 | D:6      | Gained mutation: You can exhale a cloud of poison. [Xom's
                  | mischief]
  4680 | D:6      | Found Buysta's Antique Armour Boutique.
  4684 | D:6      | Bought a steaming chain mail for 190 gold pieces
  4684 | D:6      | Identified the +8 chain mail of the Stonemason {Rampage
                  | *Corrode rPois MP+9} (You bought it in a shop on level 6 of
                  | the Dungeon)
  4722 | D:6      | Found Wehit's Assorted Antiques.
  4730 | D:6      | Bought a scroll labelled FOBRANNUDE for 25 gold pieces
  4730 | D:6      | Bought a scroll labelled SAOL RADITZEN for 25 gold pieces
  4741 | D:6      | Found a snail-covered altar of Cheibriados.
  4766 | D:6      | Bought a lumpy puce potion for 22 gold pieces
  4770 | D:6      | Found a sacrificial altar of Ru.
  4853 | D:6      | Found a staircase to the Ecumenical Temple.
  4867 | D:6      | Reached skill level 1 in Short Blades
  4911 | D:6      | XOM: give mutations
  4911 | D:6      | Gained mutation: You are weak. (Str -2) [Xom's mischief]
  4911 | D:6      | Lost mutation: You can exhale a cloud of poison. [Xom's
                  | mischief]
  4911 | D:6      | Gained mutation: You occasionally shout uncontrollably at
                  | your foes. [Xom's mischief]
  4911 | D:6      | Gained mutation: You frequently scream uncontrollably at
                  | your foes. [Xom's mischief]
  5281 | D:7      | Reached skill level 1 in Staves
  5281 | D:7      | Reached XP level 9. HP: 62/82 MP: 12/12
  5282 | D:7      | Found a sparkling altar of Nemelex Xobeh.
  5436 | D:7      | Identified the +2 plate armour of Impatience {Int+2}
  5558 | D:7      | Found an ornate altar of the Wu Jian Council.
  5559 | D:7      | Found a burning altar of Makhleb.
  5849 | D:7      | Reached skill level 1 in Evocations
  5986 | D:8      | Found Gozag's Platinum Reserve.
  6182 | D:8      | XOM: scenery: summon butterflies
  6183 | D:8      | Reached * piety under Ashenzari
  6336 | D:8      | XOM: summons 2 hostile shadow creatures
  6549 | D:8      | Found a glowing silver altar of Zin.
  6817 | D:8      | Found an opulent altar of Gozag.
  7055 | D:9      | XOM: noise
  7072 | D:8      | Reached skill level 5 in Evocations
  7170 | D:9      | Reached skill level 5 in Staves
  7171 | D:9      | Found an iron altar of Okawaru.
  7188 | D:9      | Reached ** piety under Ashenzari
  7214 | D:9      | Reached XP level 10. HP: 39/94 MP: 15/15
  7887 | D:9      | Found a radiant altar of Vehumet.
  8025 | D:9      | XOM: give mutations
  8025 | D:9      | Gained mutation: Your flesh is heat resistant. (rF+) [Xom's
                  | mischief]
  8025 | D:9      | Gained mutation: You are frail. (-10% HP) [Xom's mischief]
  8025 | D:9      | Gained mutation: You are strong-willed. (Will+) [Xom's
                  | mischief]
  8025 | D:9      | Gained mutation: You are very frail. (-20% HP) [Xom's
                  | mischief]
  8127 | D:9      | Reached skill level 10 in Staves
  8402 | D:9      | Identified a scroll of acquirement
  8425 | D:9      | Acquired the +4 barding of Broken Taboos {rElec rF+ Dex-4}
  8434 | D:9      | Reached XP level 11. HP: 43/80 MP: 16/16
  8571 | D:9      | XOM: give mutations
  8571 | D:9      | Lost mutation: You are weak. (Str -2) [Xom's mischief]
  8571 | D:9      | Lost mutation: You are very frail. (-20% HP) [Xom's
                  | mischief]
  8571 | D:9      | Lost mutation: You are strong-willed. (Will+) [Xom's
                  | mischief]
  8937 | D:9      | XOM: god gift: 33 gold pieces
  9288 | D:10     | Entered Level 10 of the Dungeon
  9316 | D:10     | Noticed a two-headed ogre
  9398 | D:10     | Noticed Maggie
  9468 | D:10     | Killed a two-headed ogre
  9557 | D:10     | Killed Maggie
  9563 | D:10     | XOM: divination: detect items
  9760 | D:6      | Bought a glowing lajatang for 450 gold pieces
  9869 | D:10     | Reached skill level 1 in Armour
 10455 | D:10     | Found an ancient bone altar of Kikubaaqudgha.
 10695 | D:10     | Found a staircase to the Lair.
 10847 | D:11     | Lost mutation: You are frail. (-10% HP) [potion of
                  | mutation]
 10847 | D:11     | Lost mutation: You frequently scream uncontrollably at your
                  | foes. [potion of mutation]
 10847 | D:11     | Gained mutation: Your spells are a little easier to cast,
                  | but a little less powerful. [potion of mutation]
 10847 | D:11     | Gained mutation: You have hidden genetic defects. [potion
                  | of mutation]
 10847 | D:11     | Gained mutation: Your mind is acute. (Int +4, Str/Dex -1)
                  | [potion of mutation]
 10905 | D:11     | Found a staircase to the Orcish Mines.
 10912 | D:11     | Reached skill level 7 in Fighting
 10917 | D:11     | Found Abratt's Weapon Emporium.
 10931 | D:11     | Found a gate leading to a gauntlet.
 10931 | D:11     | XOM: swap monsters
 10952 | Gauntlet | XOM: noise
 10952 | Gauntlet | Entered a Gauntlet
 10952 | Gauntlet | Found a transporter.
 10952 | Gauntlet | Found a transporter.
 10985 | Gauntlet | Found a transporter.
 10985 | Gauntlet | Found a transporter.
 10988 | Gauntlet | Found a transporter.
 10999 | Gauntlet | Found a transporter.
 11014 | Gauntlet | XOM: summons 2 hostile demons
 11025 | Gauntlet | Found a transporter.
 11035 | Gauntlet | Found a transporter.
 11050 | Gauntlet | Found a transporter.
 11058 | Gauntlet | Noticed a wizard
 11062 | Gauntlet | Found a transporter.
 11081 | Gauntlet | Found a transporter.
 11094 | Gauntlet | Identified the +1 hat of Ziluun {SInv}
 11095 | Gauntlet | Found a transporter.
 11096 | Gauntlet | Identified the Folio of Destined Vapour
 11232 | Gauntlet | Gained mutation: You are frail. (-10% HP) [hidden defects]
 11374 | Gauntlet | Killed a wizard
 11580 | Gauntlet | Noticed a minotaur
 11592 | Gauntlet | Killed a minotaur
 11593 | Gauntlet | Reached XP level 12. HP: 25/98 MP: 16/16
 11596 | Gauntlet | Identified the Vellum of Noxious Ectoplasm
 11608 | D:11     | Gained mutation: You are weak. (Str -2) [hidden defects]
 11608 | D:11     | Lost mutation: You have hidden genetic defects. [hidden
                  | defects expressed]
 11918 | D:8      | XOM: give mutation
 11918 | D:8      | Gained mutation: You have hidden genetic potential. [Xom's
                  | mischief]
 12071 | D:11     | Noticed a two-headed ogre
 12077 | D:11     | Killed a two-headed ogre
 12078 | D:11     | Noticed Fannar
 12089 | D:11     | Killed Fannar
 12198 | D:11     | Reached *** piety under Ashenzari
 12615 | D:12     | Noticed a two-headed ogre
 12624 | D:12     | Killed a two-headed ogre
 12987 | D:12     | Upgraded the game from 0.30-a0-722-g3e6e8c874d to
                  | 0.30-a0-723-gc1506a1cf0
 13196 | D:12     | Reached **** piety under Ashenzari
 13355 | D:11     | XOM: silly message
 13408 | Lair:1   | Entered Level 1 of the Lair of Beasts
 13448 | Lair:1   | Noticed Erica
 13451 | Lair:1   | Noticed Joseph
 13454 | Lair:1   | Killed Erica
 13475 | Lair:1   | Killed Joseph
 13731 | Lair:1   | Noticed an eight-headed hydra
 13741 | Lair:1   | Killed an eight-headed hydra
 13916 | Lair:1   | Gained mutation: You can use your snake-like lower body to
                  | constrict enemies. [Naga growth]
 13916 | Lair:1   | Reached XP level 13. HP: 111/111 MP: 21/21
 13923 | Lair:1   | Noticed Grum
 13927 | Lair:1   | Killed Grum
 14016 | Lair:1   | Gained mutation: You have sharp fingernails. [hidden
                  | potential]
 14162 | Lair:1   | XOM: give mutation
 14162 | Lair:1   | Lost mutation: You are weak. (Str -2) [Xom's mischief]
 14233 | Lair:1   | XOM: noise
 14338 | Lair:2   | Reached ***** piety under Ashenzari
 14588 | Lair:2   | XOM: give mutations
 14588 | Lair:2   | Gained mutation: Your muscles are strong. (Str +4, Int/Dex
                  | -1) [Xom's mischief]
 14588 | Lair:2   | Gained mutation: Your body sometimes deteriorates upon
                  | taking damage. [Xom's mischief]
 14588 | Lair:2   | Lost mutation: You have sharp fingernails. [Xom's mischief]
 14602 | Lair:2   | XOM: noise
 14614 | Lair:2   | Reached skill level 10 in Evocations
 14625 | Lair:2   | Found a hole to the Spider Nest.
 15249 | Lair:3   | Noticed Rupert
 15256 | Lair:3   | Killed Rupert
 15892 | Lair:3   | Was forgiven by Xom
 16042 | Lair:3   | Found a staircase to the Swamp.
 16685 | Lair:4   | Reached skill level 5 in Armour
 16814 | Lair:4   | Reached skill level 8 in Fighting
 16833 | Lair:4   | Found a runed translucent door.
 16834 | Lair:4   | Noticed an acid blob
 16835 | Lair:4   | Found a viscous altar of Jiyva.
 16836 | Lair:4   | Found a staircase to the Slime Pits.
 16836 | Lair:4   | Noticed an acid blob
 16836 | Lair:4   | Noticed an acid blob
 16836 | Lair:4   | Noticed an acid blob
 17041 | Lair:4   | Reached XP level 14. HP: 122/122 MP: 22/22
 17052 | Lair:4   | Gained mutation: You are partially covered in iridescent
                  | scales. (AC +2) [hidden potential]
 17052 | Lair:4   | Lost mutation: You have hidden genetic potential. [hidden
                  | potential expressed]
 17478 | Lair:4   | Noticed Josephine
 17495 | Lair:4   | Killed Josephine
 17496 | Lair:4   | Reached skill level 9 in Fighting
 17968 | Lair:5   | Entered Level 5 of the Lair of Beasts
 17992 | Lair:5   | Reached skill level 10 in Fighting
 18538 | Lair:5   | Reached skill level 11 in Fighting
 18613 | Lair:5   | Learned a level 4 spell: Manifold Assault
 18732 | Lair:5   | Reached skill level 1 in Translocations
 19317 | Orc:1    | Entered Level 1 of the Orcish Mines
 19334 | Orc:1    | Found a dark tunnel.
 19356 | Orc:1    | Reached XP level 15. HP: 79/136 MP: 23/23
 19381 | Orc:1    | Noticed an orc warlord
 19460 | Orc:1    | Killed an orc warlord
 19461 | Orc:1    | Reached skill level 5 in Translocations
 19586 | Volcano  | Entered a volcano
 20428 | Orc:2    | Entered Level 2 of the Orcish Mines
 20584 | Orc:2    | Found a staircase to the Elven Halls.
 20763 | Orc:2    | Found Zutham's Magic Scroll Shoppe.
 20823 | Orc:2    | Found Feuhuen's Book Shop.
 20827 | Orc:2    | Found Haadoas's Armour Shop.
 20901 | Orc:2    | Found Geuvvofa's Assorted Antiques.
 21226 | Orc:2    | Bought a scroll of acquirement for 572 gold pieces
 21226 | Orc:2    | Bought a scroll of blinking for 82 gold pieces
 21226 | Orc:2    | Acquired a +6 ring of intelligence
 21476 | D:13     | Reached skill level 10 in Translocations
 21676 | D:13     | Found a gate to the Vaults.
 22599 | D:14     | Reached XP level 16. HP: 117/144 MP: 22/24
 22688 | D:14     | Found a broken altar of Ashenzari.
 22819 | D:14     | Noticed Nessos
 22821 | D:14     | Killed Nessos
 22987 | D:14     | Learned a level 4 spell: Passage of Golubria
 23143 | D:15     | Entered Level 15 of the Dungeon
 23146 | D:15     | Reached skill level 5 in Dodging
 23450 | D:15     | Reached skill level 12 in Fighting
 23546 | D:15     | Found a staircase to the Depths.
 23766 | D:15     | Found Zemef's Tremendous Tomes.
 23802 | D:15     | Learned a level 6 spell: Dispersal
 24470 | Swamp:1  | Entered Level 1 of the Swamp
 25286 | Swamp:2  | Noticed a fenstrider witch
 25290 | Swamp:2  | Killed a fenstrider witch
 25786 | Swamp:3  | Reached skill level 10 in Armour
 25864 | Swamp:3  | Noticed a fenstrider witch
 25866 | Swamp:3  | Killed a fenstrider witch
 25876 | Swamp:3  | Reached XP level 17. HP: 154/154 MP: 24/25
 26019 | Swamp:3  | Found a sparkling altar of Nemelex Xobeh.
 26346 | Swamp:4  | Entered Level 4 of the Swamp
 26346 | Swamp:4  | Identified the +1 dagger "Ijea" {freeze, *Noise rElec
                  | Dex+2}
 26354 | Swamp:4  | Reached skill level 13 in Fighting
 26693 | Swamp:4  | Got a decaying rune of Zot
 26995 | Swamp:4  | Noticed Mlioglotl
 27004 | Swamp:4  | Noticed a tentacled starspawn
 27623 | Swamp:3  | Killed Mlioglotl
 27781 | Spider:1 | Entered Level 1 of the Spider Nest
 28392 | Swamp:4  | Reached skill level 10 in Dodging
 28641 | Elf:1    | Entered Level 1 of the Elven Halls
 29047 | Elf:1    | Identified Dispater's Papyrus of Convocation
 29170 | Elf:1    | Learned a level 4 spell: Animate Armour
 29253 | Elf:1    | Reached skill level 1 in Earth Magic
 29253 | Elf:1    | Reached XP level 18. HP: 167/167 MP: 18/26
 29327 | Elf:1    | Reached skill level 1 in Summonings
 29499 | Elf:1    | Identified the +8 rapier of the Twenty Nights {freeze,
                  | rElec Str-3 Int-2 Dex+6}
 29910 | Elf:2    | Paralysed by an air elemental for 1 turns
 29939 | Elf:2    | Found Lireargh's Firing Range.
 30100 | Elf:2    | Found a magical portal.
 30103 | WizLab   | Entered Doroklohe's Tomb
 30112 | WizLab   | Reached skill level 5 in Earth Magic
 30118 | WizLab   | Identified the +9 sling of Pumeurow {drain, Fly rF+ MP-9}
 30118 | WizLab   | Noticed a royal mummy
 30125 | WizLab   | Killed a royal mummy
 30341 | WizLab   | Reached ****** piety under Ashenzari
 30441 | WizLab   | Identified the +3 glaive "Spider's Nightmare" {flame,
                  | Contam rPois rF+++ rC-}
 30849 | Elf:2    | Identified the +7 bardiche of the Zealous God {flame,
                  | Stlth+}
 30955 | Elf:2    | Found a runed translucent gate.
 30955 | Elf:2    | Found a runed translucent gate.
 30955 | Elf:2    | Found a runed translucent gate.
 30964 | Elf:2    | Identified the +6 war axe "Fupri" {speed, rF++ rN+}
 31096 | Elf:3    | Entered Level 3 of the Elven Halls
 31135 | Elf:3    | Identified Roxanne's Parchment of the Shift
 31135 | Elf:3    | Noticed Roxanne
 31405 | Elf:3    | Killed Roxanne
 31406 | Elf:3    | Reached skill level 5 in Summonings
 31411 | Elf:3    | Learned a level 2 spell: Wereblood
 31496 | Elf:3    | Reached skill level 1 in Transmutations
 31512 | Elf:3    | Found a flickering gateway to a bazaar.
 31518 | Bazaar   | Entered a bazaar
 31518 | Bazaar   | Found Ejaroum's Weapon Boutique.
 31523 | Bazaar   | Found Sopnushruoni's Antique Armour Emporium.
 31529 | Bazaar   | Found Jiametz's Distillery.
 31537 | Bazaar   | Found Buniheysch's Magic Scroll Emporium.
 31579 | Bazaar   | Found Umnuess's General Store.
 31616 | Bazaar   | Bought a scroll of teleportation for 36 gold pieces
 31616 | Bazaar   | Bought a scroll of fear for 48 gold pieces
 31616 | Bazaar   | Bought a scroll of teleportation for 36 gold pieces
 31616 | Bazaar   | Bought a scroll of teleportation for 36 gold pieces
 31616 | Bazaar   | Bought a scroll of teleportation for 36 gold pieces
 31616 | Bazaar   | Bought a scroll of teleportation for 36 gold pieces
 31764 | Elf:3    | Found Dyudgh's Book Boutique.
 31766 | Elf:3    | Found Muosuex's General Store.
 31768 | Elf:3    | Found Duquz's Antique Weapon Boutique.
 31810 | Elf:3    | Found a radiant altar of Vehumet.
 31906 | Elf:3    | Reached skill level 5 in Transmutations
 32148 | Elf:3    | Noticed a deep elf blademaster
 32157 | Elf:3    | Noticed a deep elf blademaster
 32157 | Elf:3    | Killed a deep elf blademaster
 32160 | Elf:3    | Noticed a deep elf master archer
 32162 | Elf:3    | Killed a deep elf blademaster
 32163 | Elf:3    | Killed a deep elf master archer
 32363 | Elf:3    | Identified the +4 scimitar of the Majestic God {heavy,
                  | Stlth+}
 32363 | Elf:3    | Identified the ring "Osomiz" {rPois rC+ Int+3}
 32366 | Elf:3    | Noticed a deep elf master archer
 32367 | Elf:3    | Reached XP level 19. HP: 179/179 MP: 29/29
 32542 | Elf:3    | Identified the +4 shortbow of the Pit {freeze, rElec rC-
                  | Will++ Int+4}
 32554 | Elf:3    | Found the +0 staff of Battle
 32554 | Elf:3    | Identified the ring "Limpuug" {Str+3 SInv}
 32557 | Elf:3    | Identified the +8 plate armour of Privacy {rF+}
 32563 | Elf:3    | Identified the +9 pearl dragon scales of Qyvigh Caaps
                  | {rElec rN+ Str-4 Stlth+}
 32574 | Elf:3    | Identified the ring "Nacw" {rPois Int+7}
 32913 | Vaults:1 | Entered Level 1 of the Vaults
 32919 | Vaults:1 | Reached skill level 14 in Fighting
 33021 | Vaults:1 | Reached skill level 15 in Fighting
 33085 | Vaults:1 | Reached skill level 16 in Fighting
 33338 | Vaults:1 | Reached skill level 17 in Fighting
 33476 | Vaults:1 | Reached skill level 18 in Fighting
 33838 | Vaults:1 | Found the +8 storm bow {elec, penet}
 33862 | Vaults:1 | Reached skill level 19 in Fighting
 34040 | Vaults:1 | Reached XP level 20. HP: 200/200 MP: 8/30
 34192 | Vaults:1 | Identified the +1 pair of boots "Aqoddom" {Stlth+}
 34616 | Vaults:1 | Reached skill level 20 in Fighting
 36368 | Vaults:2 | Found Xorgherph's General Store.
 36467 | Vaults:2 | Identified the +7 dagger of the Eternal Warrior {heavy,
                  | +Blink Will- Dex+3}
 36558 | Vaults:2 | Noticed Saint Roka
 36559 | Vaults:2 | Reached skill level 1 in Throwing
 36569 | Vaults:2 | Killed Saint Roka
 36805 | Vaults:2 | Reached skill level 5 in Throwing
 37701 | Vaults:3 | Noticed Aizul
 37708 | Vaults:3 | Killed Aizul
 37709 | Vaults:3 | Reached XP level 21. HP: 172/212 MP: 34/34
 37874 | Vaults:3 | Reached skill level 5 in Spellcasting
 37911 | Vaults:3 | Gained mutation: You have hidden genetic defects. [a
                  | shining eye]
 37913 | Vaults:3 | Lost mutation: Your spells are a little easier to cast, but
                  | a little less powerful. [potion of mutation]
 37913 | Vaults:3 | Lost mutation: Your flesh is heat resistant. (rF+) [potion
                  | of mutation]
 37913 | Vaults:3 | Lost mutation: Your muscles are strong. (Str +4, Int/Dex
                  | -1) [potion of mutation]
 37913 | Vaults:3 | Gained mutation: Your spells are a little harder to cast,
                  | but a little more powerful. [potion of mutation]
 37914 | Vaults:3 | Lost mutation: Your body sometimes deteriorates upon taking
                  | damage. [potion of mutation]
 37914 | Vaults:3 | Lost mutation: You are frail. (-10% HP) [potion of
                  | mutation]
 37914 | Vaults:3 | Gained mutation: Your flesh is cold resistant. (rC+)
                  | [potion of mutation]
 37914 | Vaults:3 | Gained mutation: Your movements are slightly less
                  | encumbered by armour. (ER -2) [potion of mutation]
 38183 | D:15     | Bought Sif Muna's Annotations on Grisly Shapeshifting for
                  | 1568 gold pieces
 38189 | D:15     | Learned a level 5 spell: Borgnjor's Vile Clutch
 38195 | D:15     | Learned a level 5 spell: Yara's Violent Unravelling
 38202 | D:15     | Learned a level 6 spell: Death Channel
 38394 | Vaults:3 | Reached skill level 1 in Hexes
 38535 | Vaults:3 | Reached skill level 5 in Hexes
 38543 | Vaults:3 | Gained mutation: You frequently scream uncontrollably at
                  | your foes. [hidden defects]
 39303 | Vaults:3 | Found a staircase to the Crypt.
 39607 | Vaults:4 | Reached skill level 1 in Necromancy
 39798 | Vaults:4 | Gained mutation: You are clumsy. (Dex -2) [hidden defects]
 39798 | Vaults:4 | Lost mutation: You have hidden genetic defects. [hidden
                  | defects expressed]
 39911 | Vaults:4 | Found Ogipil's Jewellery Shoppe.
 39994 | Vaults:4 | Reached skill level 5 in Necromancy
 41135 | Slime:1  | Entered Level 1 of the Pits of Slime
 41151 | Slime:2  | Reached XP level 22. HP: 232/244 MP: 9/37
 41225 | Slime:3  | Reached skill level 10 in Necromancy
 41339 | Slime:4  | Paralysed by a great orb of eyes for 5 turns
 41368 | Slime:5  | Entered Level 5 of the Pits of Slime
 41508 | Slime:5  | Noticed the Royal Jelly
 41515 | Slime:5  | Killed the Royal Jelly
 41516 | Slime:5  | Reached skill level 10 in Throwing
 41581 | Slime:5  | Gained mutation: You sometimes lose your temper in combat.
                  | [a shining eye]
 41609 | Slime:5  | Identified the +6 falchion of the Evil Eye {holy, Str+2
                  | Int+3 Dex+2}
 41629 | Slime:5  | Identified the +10 plate armour "Webifeha" {Harm rN+ Dex-3}
 41629 | Slime:5  | Identified the ring of Mutualism {Fly rC+ rCorr Str+3
                  | Dex+6}
 41629 | Slime:5  | Identified the +8 short sword of the Lame Duck {vamp,
                  | *Corrode Will+ Str+2 Int+4}
 41637 | Slime:5  | Identified the +11 dagger "Hiaxzosu" {pain, rPois Will-
                  | rCorr Int+3}
 41660 | Slime:5  | Identified the +4 swamp dragon scales of Qonor {rPois rC++}
 41727 | Slime:5  | Got a slimy rune of Zot
 42103 | Depths:1 | Entered Level 1 of the Depths
 42224 | Depths:1 | Reached skill level 15 in Dodging
 42388 | Depths:1 | Found a one-way gate leading to the halls of Pandemonium.
 42730 | Depths:1 | Found a one-way gateway to a ziggurat.
 42830 | Depths:1 | Found a gateway to Hell.
 43002 | Depths:2 | Noticed a caustic shrike
 43005 | Depths:2 | Noticed a juggernaut
 43007 | Depths:2 | Killed a caustic shrike
 43018 | Depths:2 | Killed a juggernaut
 43022 | Depths:2 | Reached XP level 23. HP: 186/250 MP: 7/37
 43060 | Depths:2 | Identified the ring "Pyifaux" {rPois rN+ Str+2}
 43254 | Depths:2 | Reached skill level 15 in Staves
 43356 | Depths:2 | Found the +7 great mace "Firestarter" {flame, inner flame,
                  | rFlCloud rF++}
 43885 | Depths:2 | Noticed Vv
 44240 | Depths:2 | Found a one-way gate to the infinite horrors of the Abyss.
 44395 | Depths:3 | Noticed a golden dragon
 44400 | Depths:3 | Killed a golden dragon
 44401 | Depths:3 | Reached skill level 5 in Stealth
 44742 | Depths:3 | Reached skill level 10 in Stealth
 44800 | Depths:3 | Identified the +1 quick blade "Buugg" {elec, Int+3}
 45063 | Depths:4 | Entered Level 4 of the Depths
 45101 | Depths:4 | Reached XP level 24. HP: 262/262 MP: 24/40
 45191 | Depths:4 | Learned a level 1 spell: Apportation
 45195 | Depths:4 | Learned a level 3 spell: Vhi's Electric Charge
 45195 | Depths:4 | Found a runed translucent gate.
 45195 | Depths:4 | Found a runed translucent gate.
 45195 | Depths:4 | Found a runed translucent gate.
 45199 | Depths:4 | Noticed Viocziel's ghost (adept TrMo)
 45201 | Depths:4 | Noticed a caustic shrike
 45202 | Depths:4 | Noticed a caustic shrike
 45203 | Depths:4 | Noticed a caustic shrike
 45205 | Depths:4 | Killed a caustic shrike
 45206 | Depths:4 | Killed a caustic shrike
 45206 | Depths:4 | Killed a caustic shrike
 45218 | Depths:4 | Reached skill level 10 in Spellcasting
 45543 | Depths:4 | Noticed a juggernaut
 45552 | Depths:4 | Killed a juggernaut
 45901 | Depths:4 | Noticed Boris
 45910 | Depths:4 | Killed Boris
 46431 | Depths:4 | Found a runed translucent door.
 46441 | Depths:4 | Found a runed translucent door.
 46442 | Depths:4 | Found a runed translucent door.
 46456 | Depths:4 | Found a runed translucent door.
 46463 | Depths:4 | Found a runed translucent door.
 46557 | Depths:4 | Found a runed translucent door.
 46668 | Depths:4 | Found a gate to the Realm of Zot.
 47218 | Spider:2 | Noticed Kirke
 47221 | Spider:2 | Killed Kirke
 47230 | Spider:2 | Found a frozen archway.
 47296 | IceCv    | Entered an ice cave
 47404 | IceCv    | Identified the +2 pair of gloves of Samur {Dex+3}
 47431 | IceCv    | Found an ancient bone altar of Kikubaaqudgha.
 47636 | IceCv    | Identified the Notes on the Dark Wendigo
 48003 | Spider:4 | Entered Level 4 of the Spider Nest
 48282 | Spider:4 | Reached XP level 25. HP: 265/271 MP: 1/46
 48315 | Spider:4 | Reached skill level 15 in Spellcasting
 48342 | Spider:4 | Identified the +1 pair of gloves "Vuirug Muk" {rPois rN+
                  | Dex+2 Stlth-}
 48356 | Spider:4 | Got a gossamer rune of Zot
 49033 | Zot:1    | Entered Level 1 of the Realm of Zot
 49623 | Zot:5    | Entered Level 5 of the Realm of Zot
 50280 | Zot:5    | Noticed an ancient lich
 50479 | Zot:5    | Noticed an orb of fire
 50480 | Zot:5    | Killed an ancient lich
 50489 | Zot:5    | Gained mutation: You can exhale a cloud of poison. [an orb
                  | of fire]
 50491 | Zot:5    | Noticed a Killer Klown
 50494 | Zot:5    | Killed an orb of fire
 50495 | Zot:5    | Killed a Killer Klown
 50495 | Zot:5    | Noticed an orb of fire
 50497 | Zot:5    | Noticed an orb of fire
 50505 | Zot:5    | Killed an orb of fire
 50513 | Zot:5    | Killed an orb of fire
 50539 | Zot:5    | Reached XP level 26. HP: 143/280 MP: 18/50
 50563 | Zot:5    | Got the Orb of Zot
 50630 | Zot:4    | Noticed Boris
 51193 | D:$      | Escaped with the Orb!

Illustrated notes

Levels and vault maps discovered:
D:1:      kb_arrival_jail, layout_basic, ebering_ecumenical_altar_webs
D:2:      layout_rooms
D:3:      layout_loops_corners, portal_sewer_entry_e, uniq_robin, uniq_natasha
D:4:      layout_gridville, minmay_circle_x
D:5:      layout_basic, serial_rivers, chequers_serial_rivers_room_b,
          chequers_serial_rivers_micro_a, chequers_serial_rivers_micro_e,
          chequers_serial_rivers_micro_d, minmay_misc_feat_tower
D:6:      layout_basic, evilmike_ruin_ashenzari, overflow_temple_1_default,
          lemuel_doored_altar, minmay_temple_entry_wispy, serial_shops,
          shop_statue, shop
D:7:      layout_rooms, nicolae_overflow_squiral, nemelex_dance_club_becter
D:8:      layout_loops_cross, zin_academy, nicolae_gozag_zags_fifth_avenue
D:9:      kennysheep_housing_project, layout_loops_ring,
          mainiacjoe_overflow_catwalk, okawaru_trees_2, serial_undead,
          serial_undead_a, serial_undead_b, serial_undead_f, serial_undead_d,
          serial_undead_b, serial_undead_e
D:10:     layout_loops_ring, kennysheep_vampire_church, minmay_splitting_lines,
          uniq_maggie
D:11:     layout_gridville, david_orc_3, serial_shops, shop,
          gauntlet_entry_generic, uniq_fannar
D:12:     layout_basic
D:13:     layout_stronghold, skrybe_vaults_entry_preservation
D:14:     layout_irregular_city, minmay_ruined_shrine, uniq_nessos
D:15:     grunt_enter_depths_giant_problem, layout_cave_pools, chequers_jeans,
          minmay_hedge_maze, nicolae_shop_i_like_big_books,
          nicolae_looking_at_the_future
Lair:1:   layout_hall_layers, nzn_random_ring, uniq_grum, uniq_joseph,
          uniq_erica
Lair:2:   layout_long_grid, dummy_spider_entry, special_room,
          infiniplex_staircase_pool_2, lemuel_fruit_tree, serial_bayou_shore_b,
          serial_bayou_shore_a
Lair:3:   layout_cave_pods, skrybe_swamp_entry_bodies,
          nicolae_quartered_pool_medium, serial_bayou_shore_b, uniq_rupert
Lair:4:   nzn_winding_woodlands_stair_trap [nzn_winding_woodlands_5x15_default,
          nzn_winding_woodlands_5x15_garden,
          nzn_winding_woodlands_5x15_pathside_ponds,
          nzn_winding_woodlands_15x15_killbox,
          nzn_winding_woodlands_5x15_crooked, nzn_winding_woodlands_5x15_zeroes,
          nzn_winding_woodlands_5x15_eye], layout_long_grid, slime_entry_2,
          hangedman_lair_unloving_vines, chequers_serial_rivers_room_a,
          nicolae_lair_grazing_beasts [nicolae_sub_lair_graze_edge,
          nicolae_sub_lair_graze_edge, nicolae_sub_lair_graze_edge,
          nicolae_sub_lair_graze_edge], uniq_josephine
Lair:5:   evilmike_catoblepas_cave, layout_long_grid, minivault_26
Swamp:1:  layout_falls_marsh, evilmike_swamp_ruin_house_6
Swamp:2:  layout_basic_swamp, evilmike_swamp_ruin_house_4
Swamp:3:  layout_basic_swamp, basic_altar
Swamp:4:  swamp_alternative, layout_basic_swamp, uniq_mlioglotl
Spider:1: layout_spider_delve, hellmonk_motheaten_closet, uniq_asterion
Spider:2: layout_cave_pods, portal_ice_cave_entry_ugly_swarm,
          nicolae_spider_undead_wolf_pack, uniq_kirke, uniq_louise
Spider:3: layout_spider_delve
Spider:4: grunt_spider_rune_island
Slime:1:  layout_caves
Slime:2:  layout_caves
Slime:3:  layout_caves, basic_altar
Slime:4:  layout_caves, cheibrodos_slime_lost_civilization_7
Slime:5
Orc:1:    layout_caves, nicolae_volcano_entry_lava_flow
Orc:2:    st_orc_elflike, layout_caves
Elf:1:    layout_gridlike, minmay_elf_demonology,
          nicolae_elf_glass_and_crystal_pillar_1, minivault_15,
          grunt_megastairs_5
Elf:2:    nicolae_elf_blades_splatter_lattice [mumra_blade_entry_bloodbath],
          layout_loops_cross, mu_enter_wizlab_7, grunt_ministairs_1,
          nicolae_shop_firing_range
Elf:3:    elf_hall, layout_geoelf_octagon, serial_shops, bzr_entry_road,
          basic_altar, nicolae_elf_deep_friendship, minmay_shop_star,
          uniq_roxanne
Vaults:1: nicolae_vaults_network_quincunx
          [nicolae_vaults_network_quincunx_subvault,
          nicolae_vaults_network_quincunx_subvault,
          nicolae_vaults_network_quincunx_subvault,
          nicolae_vaults_network_quincunx_subvault,
          nicolae_vaults_network_quincunx_subvault], v_pattern_3,
          minmay_guarded_unrand_secular_launcher,
          nicolae_vaults_network_barrier, vaults_room_grunt_arrival_ludios,
          vaults_mumra_chevron_long, vaults_dpeg_diagonal,
          hangedman_vaults_trim, vaults_mumra_hex, nicolae_vaults_circle_grid_a,
          vaults_dpeg_hooks, v_misc_14, v_misc_14,
          ontoclasm_vaults_loading_screen, layout_vaults_omnibox
Vaults:2: nicolae_vaults_minivaults, ontoclasm_vaults_shuriken,
          nicolae_vaults_border_crossing, hangedman_vaults_cutoff,
          vaults_mumra_lcd, nicolae_vaults_ring_of_whatevers,
          ontoclasm_vaults_decontamination, layout_vaults_omnigrid,
          serial_shops, nicolae_shop_hallway_stairs, uniq_saint_roka
Vaults:3: v_misc_22, minmay_crypt_entry_simple_statues,
          hangedman_vaults_stretched_pinwheel,
          hangedman_vaults_hard_town_square, vaults_room_hallway,
          vaults_room_large_hall, v_misc_24, ontoclasm_vaults_pinch, v_misc_4,
          hangedman_vaults_impose, ontoclasm_vaults_eye,
          layout_vaults_chaotic_city, uniq_aizul
Vaults:4: nicolae_vaults_network_s, grunt_vaults_hallway_short, v_pattern_5,
          vaults_room_octagon, v_misc_1, nicolae_vaults_diagonal_hallway_9,
          hangedman_vaults_stream, hangedman_vaults_variations,
          vaults_room_pool, vaults_room_pool, vaults_dpeg_cross,
          layout_vaults_maze, serial_shops, nicolae_shop_trees
Depths:1: kennysheep_big_flooded_room, layout_basic, enter_ziggurat_b,
          pan_entry, chequers_serial_rivers_micro_b, grunt_hell_entry_dis_grunt,
          grunt_ministairs_3, kennysheep_generic_room_15
Depths:2: minmay_the_grid_square_5x5_5x5
          [minmay_the_grid_square_5x5_beaten_path,
          minmay_the_grid_square_5x5_hollow_slash,
          minmay_the_grid_square_5x5_three, minmay_the_grid_square_5x5_seven,
          minmay_the_grid_square_5x5_two_walls_b,
          minmay_the_grid_square_5x5_gyroscope,
          minmay_the_grid_square_5x5_prize_open,
          minmay_the_grid_square_5x5_slash,
          minmay_the_grid_square_5x5_prize_open, minmay_the_grid_square_5x5_tie,
          minmay_the_grid_square_5x5_two_small,
          minmay_the_grid_square_5x5_dogpile,
          minmay_the_grid_square_5x5_prize_waves,
          minmay_the_grid_square_5x5_bridge, minmay_the_grid_square_5x5_v,
          minmay_the_grid_square_5x5_misaligned,
          minmay_the_grid_square_5x5_prize_junk,
          minmay_the_grid_square_5x5_two_walls_a,
          minmay_the_grid_square_5x5_prize_pseudospiral,
          minmay_the_grid_square_5x5_shuriken,
          minmay_the_grid_square_5x5_three_small,
          minmay_the_grid_square_5x5_fat_x,
          minmay_the_grid_square_5x5_checkered,
          minmay_the_grid_square_5x5_bracketed,
          minmay_the_grid_square_5x5_doubleslash], layout_gridlike,
          grunt_pan_entry_zigzag, hangedman_tar_grid_catacomb,
          abyss_entry_crystal, drop_trap, grunt_ministairs_7, uniq_vv
Depths:3: minmay_shoctagon, layout_long_grid, minmay_room_of_horrors,
          hell_entry, chequers_big_river, lightli_giant_bouncers
Depths:4: evilmike_zot_entry_castle, layout_basic, hell_entry,
          grunt_pan_entry_spiral, gammafunk_ghost_ooze,
          nicolae_figureground_pulse, uniq_grunn, uniq_boris
Zot:1:    layout_cathedral_of_symmetry
Zot:2:    layout_basic, gammafunk_ghost_arena, grunt_megastairs_2
Zot:3:    infiniplex_zot_generator, layout_misc_corridors
Zot:4:    grunt_twist_and_shout, layout_cathedral_of_symmetry,
          st_small_dragon_hoard_2, not_door_vault_mu, st_stairs_2,
          st_single_dragon_hoard_1, st_grand_hoard_of_tiamat
Zot:5:    layout_twisted_circle, hangedman_zot_decor_tridents,
          lemuel_flame_loot_1

Skill      XL: |  1  2  3  4  5  6  7  8  9 10 11 12 13 14 15 16 17 18 19 20 21 22 23 24 25 |
---------------+----------------------------------------------------------------------------+-----
Fighting       | 5 6 7 8 11 12 13 19 20 | 20.0
Poison Magic   | 2 4 6 7 |  7.2
Conjurations   | 1 2 3 4 |  4.2
Air Magic      | 1 2 3 4 |  4.0
Spellcasting   | 1 2 3 4 6 8 14 19 | 19.5
Short Blades   | 3 |  3.9
Staves         | 1 6 10 12 13 16 | 16.2
Evocations     | 5 8 13 | 13.0
Armour         | 4 5 8 10 11 | 11.1
Translocations | 3 10 | 10.6
Dodging        | 4 8 10 14 17 18 | 18.1
Earth Magic    | 1 7 |  7.3
Summonings     | 5 |  5.0
Transmutations | 7 9 |  9.3
Throwing       | 7 11 | 11.1
Hexes          | 7 |  7.0
Necromancy     | 9 11 | 11.0
Stealth        | 10 | 10.1
Maces & Flails | |  3.4

Action                     |  1- 3 |  4- 6 |  7- 9 | 10-12 | 13-15 | 16-18 | 19-21 | 22-24 | 25-27 || total
---------------------------+-------+-------+-------+-------+-------+-------+-------+-------+-------++-------
  Melee: Mace              |    54 |    47 |       |       |       |       |       |       |       ||   101
         Dagger            |       |    61 |   416 |   409 |       |       |       |       |       ||   886
         Punch             |       |       |     4 |    11 |       |       |       |       |       ||    15
         Lajatang          |       |       |       |   248 |   592 |   938 |   905 |  1170 |   415 ||  4268
         Constrict         |       |       |       |       |   125 |    70 |    89 |    68 |    36 ||   388
   Cast: Manifold Assault  |       |       |       |       |    31 |   310 |   228 |   284 |   104 ||   957
         Mephitic Cloud    |       |       |       |       |     9 |       |     1 |       |       ||    10
         Wereblood         |       |       |       |       |       |     2 |    26 |    28 |     7 ||    63
         Animate Armour    |       |       |       |       |       |     1 |     4 |       |     4 ||     9
         Yara's Violent Un |       |       |       |       |       |       |     7 |     1 |     1 ||     9
         Borgnjor's Vile C |       |       |       |       |       |       |     2 |     8 |     2 ||    12
         Death Channel     |       |       |       |       |       |       |     1 |    31 |    11 ||    43
         Vhi's Electric Ch |       |       |       |       |       |       |       |     6 |    27 ||    33
         Passage of Golubr |       |       |       |       |       |       |       |       |     4 ||     4
         Dispersal         |       |       |       |       |       |       |       |       |     1 ||     1
 Invoke: Curse Item        |       |       |     3 |     5 |     2 |     2 |     2 |     1 |       ||    15
         Shatter the Chain |       |       |       |     1 |     2 |       |     2 |     1 |       ||     6
Ability: Spit Poison       |    30 |    32 |    73 |    72 |     9 |       |       |       |       ||   216
         Breathe Poison Ga |       |       |     2 |       |       |       |       |       |       ||     2
  Evoke: Wand              |       |     3 |     5 |    21 |    12 |     5 |     2 |       |     6 ||    54
         Lightning rod     |       |       |       |     9 |    16 |       |     2 |     4 |       ||    31
         Phantom mirror    |       |       |       |     1 |       |       |       |       |     1 ||     2
         Box of beasts     |       |       |       |     1 |     1 |     1 |       |       |     2 ||     5
         Tin of tremorston |       |       |       |       |     5 |     5 |     8 |     3 |     1 ||    22
         Condenser vane    |       |       |       |       |     1 |     4 |     5 |     2 |     1 ||    13
    Use: Scroll            |       |       |     5 |     9 |     3 |     5 |       |     3 |    15 ||    40
         Potion            |       |       |     3 |     5 |       |     3 |     2 |       |    13 ||    26
   Stab: Sleeping          |     1 |       |       |       |       |       |     2 |     6 |     1 ||    10
         Confused          |       |       |     2 |       |       |       |       |       |       ||     2
         Distracted        |       |       |       |     3 |       |       |     1 |     8 |     3 ||    15
         Petrified         |       |       |       |       |     1 |       |       |       |       ||     1
 Armour: Robe              |    11 |       |       |       |       |       |       |       |       ||    11
         Scale mail        |    13 |    82 |    97 |       |       |       |       |       |       ||   192
         Chain mail        |       |       |   243 |   646 |   620 |   474 |     4 |       |       ||  1987
         Pearl dragon scal |       |       |       |       |       |       |   460 |   580 |   228 ||  1268
  Dodge: Dodged            |    52 |    52 |   123 |   158 |   228 |   287 |   382 |   466 |   182 ||  1930

Table legend: (Time is in decaauts)
 A = Elapsed time spent in this place.
 B = Non-inter-level travel time spent in this place.
 C = Inter-level travel time spent in this place.
 D = Time resting spent in this place.
 E = Time spent auto-exploring this place.
 F = Levels seen in this place.
 G = Mean time per level.
                   A        B        C        D        E       F      G
               +--------+--------+--------+--------+--------+-----+--------+
         Total |  63546 |  55214 |   8332 |   5819 |  37328 |  57 | 1114.8 |
       Dungeon |  21990 |  18097 |   3893 |   1461 |  13326 |  15 | 1466.0 |
          Lair |   8652 |   7132 |   1520 |    202 |   5999 |   5 | 1730.4 |
         Swamp |   4318 |   3985 |    333 |    862 |   2603 |   4 | 1079.5 |
   Spider Nest |   1520 |   1218 |    302 |      4 |    744 |   4 |  380.0 |
    Slime Pits |    850 |    765 |     85 |    190 |    128 |   5 |  170.0 |
  Orcish Mines |   2453 |   2137 |    316 |    369 |   1353 |   2 | 1226.5 |
   Elven Halls |   4655 |   4206 |    449 |    599 |   2552 |   3 | 1551.7 |
        Vaults |   8320 |   7641 |    679 |    607 |   5723 |   4 | 2080.0 |
        Depths |   6478 |   5728 |    750 |    496 |   3668 |   4 | 1619.5 |
           Zot |   1967 |   1967 |      0 |    656 |    232 |   5 |  393.4 |
        Bazaar |    147 |    147 |      0 |      0 |     86 |   1 |  147.0 |
         Sewer |    136 |    136 |      0 |      0 |     79 |   1 |  136.0 |
      Ice Cave |    556 |    556 |      0 |      0 |    371 |   1 |  556.0 |
       Volcano |    197 |    197 |      0 |      0 |      0 |   1 |  197.0 |
        Wizlab |    528 |    528 |      0 |    111 |    227 |   1 |  528.0 |
      Gauntlet |    772 |    772 |      0 |    261 |    232 |   1 |  772.0 |
               +--------+--------+--------+--------+--------+-----+--------+

Top non-repeatable levels by time:
Vaults:1: 2737 daAuts
  Lair:4: 2473 daAuts
Depths:4: 2367 daAuts
    D:10: 2232 daAuts
     D:9: 2186 daAuts
Vaults:3: 2082 daAuts
Vaults:2: 2001 daAuts
  Lair:3: 1976 daAuts
    D:13: 1953 daAuts
     D:8: 1890 daAuts
   Elf:3: 1884 daAuts
 Swamp:3: 1720 daAuts
    D:14: 1673 daAuts
     D:3: 1669 daAuts
Depths:2: 1591 daAuts
